 Dungeon Crawl Stone Soup version 0.20.0-1-g1cb1d84 (webtiles) character file.

72 anfisbena the Skirmisher (level 4, -1/55 HPs)
             Began as a Demonspawn Berserker on May 26, 2017.
             Was a Believer of Trog.
             Slain by an adder (3 damage)
             ... on level 2 of the Dungeon.
             The game lasted 00:01:37 (2411 turns).

anfisbena the Skirmisher (Demonspawn Berserker)     Turns: 2411, Time: 00:01:38

Health: -1/55      AC:  2    Str: 22    XL:     4   Next: 6%
Magic:  4/4        EV: 12    Int:  9    God:    Trog [**....]
Gold:   77         SH:  0    Dex: 13    Spells: 3/3 levels left

rFire    . . .     SeeInvis .   a - +0 falchion
rCold    . . .     Gourm    .   (no shield)
rNeg     . . .     Faith    .   b - +0 animal skin
rPois    .         Spirit   .   (no helmet)
rElec    .         Reflect  .   (no cloak)
rCorr    .         Harm     .   (no gloves)
MR       .....                  (no boots)
Stlth    ..........             (no amulet)
Regen    0.2/turn               (no ring)
MPRegen  0.1/turn               (no ring)

@: berserking, very quick
A: foul stench 1, rot immunity
a: Berserk, Trog's Hand, Burn Spellbooks, Renounce Religion


You were on level 2 of the Dungeon.
You worshipped Trog.
Trog was pleased with you.
You were near starving.

You visited 1 branch of the dungeon, and saw 2 of its levels.

You collected 77 gold pieces.

Inventory:

Hand Weapons
 a - a +0 falchion (weapon)
Armour
 b - a +0 animal skin (worn)
Jewellery
 k - an uncursed ring of stealth {unknown}
Scrolls
 d - a scroll of teleportation {unknown}
 f - 3 scrolls of noise {unknown}
 h - 4 scrolls of identify {unknown}
 m - a scroll of magic mapping {unknown}
Potions
 e - a potion of berserk rage {unknown}
 i - 3 potions of heal wounds {unknown}
 j - a potion of lignification {unknown}
 l - a potion of haste {unknown}
Comestibles
 c - a bread ration


   Skills:
 + Level 4.1 Fighting
 + Level 3.6 Long Blades
 - Level 1.7 Armour
 - Level 1.7 Dodging


You had 3 spell levels left.
You didn't know any spells.

Dungeon Overview and Level Annotations

Branches:
Dungeon (2/15)

Altars:

Annotations:
D:2 Robin


Innate Abilities, Weirdness & Mutations

You may emit foul miasma when damaged in melee.
You are immune to rotting.


Message History

A red film seems to cover your vision as you go berserk!
You feel yourself moving faster!
You feel mighty!
You are near starving!
The adder bites you.
* * * LOW HITPOINT WARNING * * *
The goblin closely misses you.
You hit the goblin.
You kill the goblin!
Trog accepts your kill. The adder closely misses you.
You riposte.
You miss the adder. Robin throws the goblin at you!
* * * LOW HITPOINT WARNING * * *
You barely miss the goblin. The adder barely misses you.
The goblin hits you but does no damage.
You slash the goblin!
You kill the goblin!
Trog accepts your kill. The adder misses you.
You miss the adder. The adder bites you.
You die...

..............(#...#.......#
.#...........#...#.#.......#
.#####.#.##..#.#.#S#.......#
#.#.#.......#..........
#.#.#...#.#.###g######
#.#.#......g....############
[.#.#..##.#g####)..g.)......
###.#.....#S# #.###########
#.##.#..#@# #.#.....#....
#.##.#..#)# #.###.#.#.#.#
#.##.#..#.# #.# #.#.#.#.#
#.......#.####.###.#.#<#.#
####.#..#.. ..<..#+#.....#
#.##.### #.#....##.###
#####.##.######.........#
######...)................####
#..........##.########....#


You could see Robin, an adder and a hobgoblin.

Vanquished Creatures
  A gnoll (D:2)
  An adder (D:2)
  2 dart slugs
  2 leopard geckos (D:1)
  2 bats (D:1)
  A giant cockroach (D:1)
  13 goblins
  7 hobgoblins
  3 jackals (D:1)
  6 kobolds
  A ball python (D:1)
  2 frilled lizards
  A rat (D:1)
42 creatures vanquished.

Notes
Turn   | Place    | Note
-------+----------+-------------------------------------------
     0 | D:1      | anfisbena the Demonspawn Berserker began the quest for the Orb.
     0 | D:1      | Reached XP level 1. HP: 18/18 MP: 1/1
   229 | D:1      | Gained mutation: You are immune to rotting. [demonic ancestry]
   229 | D:1      | Reached XP level 2. HP: 5/24 MP: 2/2
  1157 | D:1      | Gained mutation: You may emit foul miasma when damaged in melee. [demonic ancestry]
  1157 | D:1      | Reached XP level 3. HP: 19/30 MP: 3/3
  1902 | D:2      | Reached skill level 4 in Fighting
  2351 | D:2      | Noticed Robin
  2384 | D:2      | Reached ** piety under Trog
  2389 | D:2      | Reached XP level 4. HP: 17/37 MP: 4/4
  2407 | D:2      | HP: 2/55 [adder (2)]
  2411 | D:2      | Slain by an adder

Skill      XL: |  1  2  3 |
---------------+----------+-----
Long Blades    | 3 |  3.6
Fighting       | 4 |  4.1
Armour         | |  1.7
Dodging        | |  1.7

Action                   |  1- 3 |  4- 6 || total
-------------------------+-------+-------++-------
Melee: Falchion          |   136 |     8 ||   144
Invok: Berserk           |     1 |     1 ||     2
 Stab: Sleeping          |     1 |       ||     1
  Eat: Chunk             |     3 |       ||     3
       Royal jelly       |     1 |       ||     1
Armor: Animal skin       |    29 |     1 ||    30
Dodge: Dodged            |   105 |     8 ||   113
       Rpst.: Falchion   |    30 |     2 ||    32
